 Dungeon Crawl Stone Soup version 0.31-a0-177-g4aa6249778 (webtiles) character file.

Game seed: 11730163852260749493

107 Moral the Shooter (level 4, -6/23 HPs)
             Began as a Spriggan Hunter on June 19, 2023.
             Shot with an arrow by a centaur (12 damage)
             ... on level 4 of the Dungeon.
             The game lasted 00:06:33 (2864 turns).

Moral the Shooter (Spriggan Hunter)                 Turns: 2864, Time: 00:06:34

Health: -6/23      AC:  2    Str:  7    XL:     4   Next: 57%
Magic:  5/5        EV: 34    Int: 10    God:
Gold:   263        SH:  0    Dex: 20    Spells: 3/3 levels left

rFire   + + .        a - +0 shortbow
rCold   x . .        (shield currently unavailable)
rNeg    . . .        c - +0 robe
rPois   .            (helmet restricted)
rElec   .            (no cloak)
rCorr   .            (gloves unavailable)
SInv    +            (boots unavailable)
Will    .....        v - amulet of the acrobat
Stlth   +++          r - ring of protection from fire
HPRegen 0.23/turn    s - ring of fire
MPRegen 0.09/turn

%: acrobat
@: acrobatic, very quick
A: very small, no large weapons, unfitting armour, see invisible, speed 3
a: no special abilities


You were on level 4 of the Dungeon.
You visited 2 branches of the dungeon, and saw 5 of its levels.

You collected 263 gold pieces.

Inventory:

Hand Weapons
 a - a +0 shortbow (weapon)
Armour
 c - a +0 robe (worn)
 d - a +0 cloak
Jewellery
 r - a ring of protection from fire (left hand)
 s - a ring of fire (right hand)
 v - an amulet of the acrobat (around neck)
Wands
 q - a wand of mindburst (6)
 u - a wand of charming (9)
Scrolls
 b - 2 scrolls of butterflies
 f - a scroll of torment {unknown}
 i - 2 scrolls of teleportation {unknown}
 k - 2 scrolls of silence {unknown}
 n - a scroll of immolation {unknown}
 p - 2 scrolls of noise {unknown}
 w - a scroll of enchant armour {unknown}
 x - a scroll of identify {unknown}
Potions
 e - a potion of haste {unknown}
 g - a potion of heal wounds {unknown}
 h - a potion of enlightenment {unknown}
 j - a potion of ambrosia {unknown}
 l - a potion of resistance {unknown}
 m - 2 potions of brilliance {unknown}
 o - a potion of attraction {unknown}
 t - a potion of lignification {unknown}


   Skills:
 + Level 2.1 Fighting
 * Level 4.7 Ranged Weapons
 + Level 3.6 Dodging
 * Level 4.2 Stealth


You had 3 spell levels left.
You didn't know any spells.
Your spell library contained the following spells:

 Spells                   Type           Power      Damage    Failure   Level
 Freeze                   Ice            0%         1d3       36%         1
 Frozen Ramparts          Ice            0%         1d1       75%         3
 Hailstorm                Conj/Ice       0%         3d3       75%         3
 Ozocubu's Armour         Ice            0%         N/A       75%         3
 Stone Arrow              Conj/Erth      0%         3d7       75%         3
 Vhi's Electric Charge    Tloc/Air       0%         N/A       75%         3
 Animate Armour           Summ/Erth      0%         N/A       98%         4
 Arcjolt                  Conj/Air       0%         1d10      100%        5
 Ozocubu's Refrigeration  Ice            0%         4d7       100%        7
 Lehudib's Crystal Spear  Conj/Erth      0%         10d2      100%        8
 Maxwell's Capacitive Co  Air            0%         ∞         100%        8


Dungeon Overview and Level Annotations

Branches:
Dungeon (4/15)             Temple (1/1) D:4

Altars:
Ashenzari
Elyvilon
Fedhas
Makhleb
Nemelex Xobeh
Okawaru
Uskayaw
Vehumet
Wu Jian
Xom
Yredelemnul
The Shining One


Innate Abilities, Weirdness & Mutations

You are very small and have problems with some larger weapons.
You are too small for most types of armour.
You have supernaturally acute eyesight. (SInv)
You cover ground extremely quickly. (Speed+++)


Message History

You climb upwards.
There is a stone staircase leading down here.
You start resting.
HP restored.
You climb downwards.
The centaur shoots an arrow.
The arrow completely misses you.
There is a stone staircase leading up here.
You shoot an arrow. The arrow closely misses the centaur.
You hear a shout!
The centaur shoots an arrow.
The arrow misses you.
You shoot an arrow. The arrow closely misses the centaur.
The centaur shoots an arrow.
The arrow closely misses you.
The centaur shoots an arrow.
The arrow barely misses you.
You shoot an arrow.
The arrow hits the centaur but does no damage.
The centaur shoots an arrow.
The arrow closely misses you.
The centaur shoots an arrow.
The arrow hits you.
You climb upwards.
There is a stone staircase leading down here.
You start resting.
HP restored.
You climb downwards.
The centaur shoots an arrow.
The arrow hits you.
The centaur shoots an arrow.
The arrow misses you.
The centaur shoots an arrow.
The arrow misses you.
There is a stone staircase leading up, spattered with blood here.
There is an open door here.
The centaur shoots an arrow.
The arrow completely misses you.
The centaur shoots an arrow.
The arrow completely misses you.
The centaur shoots an arrow.
The arrow barely misses you.
The centaur shoots an arrow.
The arrow completely misses you.
Fire: a) +0 shortbow
Press: ? - help, Q - select action, (/) - cycle Shift-Dir - straight line, f - centaur
Aim: a centaur, wielding a +0 orcbow (75% to hit)
You shoot an arrow. The arrow barely misses the centaur.
The centaur shoots an arrow.
The arrow hits you!
Ouch! That really hurt!
* * * LOW HITPOINT WARNING * * *
The centaur shoots an arrow.
The arrow hits you!
Ouch! That really hurt!
You die...

#.....# #.....# ####'## #.#
#.# ######## #.# #.......
####### #.# #....... #.....#
#.# #..<♣♣♣♣ ♣♣.♣♣#.#
#@#########..♣♣ ♣ ♣P..♣#.#
#.......c.'..♣
♣♣.♣♣#.###############..♣♣
♣P..♣#............#......♣♣
♣P.P♣....######.###.#c....♣
♣♣.P♣.........#.###+#...♣♣P..
♣.♣♣....####.#.##....#'♣ ..P
♣♣.♣♣....# #.#.#.....#♣♣ ♣♣
♣..P♣#.#.# #.#...>...#


You could see a centaur.

Vanquished Creatures
  A hound (D:4)
  2 adders
  A worm (D:1)
  A dart slug (D:3)
  5 orcs (D:3)
  5 endoplasms
  5 giant cockroaches
  A goblin (D:1)
  5 hobgoblins
  2 jackals (D:1)
  A quokka (D:4)
  4 ball pythons
  2 bats
  2 frilled lizards (D:3)
  6 kobolds
  6 rats
49 creatures vanquished.

Notes
Turn   | Place    | Note
-------+----------+-------------------------------------------
     0 | D:1      | Moral the Spriggan Hunter began the quest for the Orb.
     0 | D:1      | Reached XP level 1. HP: 10/10 MP: 2/2
     1 | D:1      | Found a runed translucent door.
   235 | D:1      | Reached XP level 2. HP: 15/15 MP: 3/3
   897 | D:2      | Reached XP level 3. HP: 18/18 MP: 4/4
  1041 | D:2      | Found a faded altar of an unknown god.
  2353 | D:4      | Found a white marble altar of Elyvilon.
  2401 | D:4      | Reached XP level 4. HP: 23/23 MP: 5/5
  2447 | D:4      | Noticed a centaur
  2478 | D:4      | Found a staircase to the Ecumenical Temple.
  2485 | Temple   | Entered the Ecumenical Temple
  2864 | D:4      | Shot with an arrow by a centaur

Illustrated notes

Levels and vault maps discovered:
D:1:      dpeg_arrival_caged_fury, layout_loops_ring
D:2:      layout_loops_ring, basic_ecumenical_altar, minmay_tetromino_s4
D:3:      layout_loops_cross, reono_crystal_passage, kennysheep_flooded_box
D:4:      layout_basic, elyvilon_altar_4, minmay_temple_entry_butterflies,
          serial_shops, kennysheep_little_box, serial_forest,
          infiniplex_forest_straight_5, infiniplex_forest_end_3,
          infiniplex_forest_straight_2, infiniplex_forest_end_3,
          infiniplex_forest_straight_2, infiniplex_forest_lined_3,
          infiniplex_forest_clump_small, infiniplex_forest_lined_corner,
          infiniplex_forest_join
Temple:   nicolae_temple_bog_church

Skill      XL: |  1  2  3 |
---------------+----------+-----
Stealth        | 2 4 |  4.2
Dodging        | 3 |  3.6
Fighting       | 2 |  2.1
Ranged Weapons | |  4.7

Action                     |  1- 3 |  4- 6 || total
---------------------------+-------+-------++-------
   Fire: Shortbow          |   121 |    12 ||   133
    Use: Scroll            |     1 |       ||     1
 Armour: Robe              |     4 |       ||     4
  Dodge: Dodged            |    25 |    18 ||    43

Table legend: (Time is in decaauts)
 A = Elapsed time spent in this place.
 B = Non-inter-level travel time spent in this place.
 C = Inter-level travel time spent in this place.
 D = Time resting spent in this place.
 E = Time spent auto-exploring this place.
 F = Levels seen in this place.
 G = Mean time per level.
                   A        B        C        D        E       F      G
               +--------+--------+--------+--------+--------+-----+--------+
         Total |   1902 |   1868 |     34 |     87 |   1254 |   5 |  380.4 |
       Dungeon |   1797 |   1763 |     34 |     87 |   1254 |   4 |  449.2 |
        Temple |    105 |    105 |      0 |      0 |      0 |   1 |  105.0 |
               +--------+--------+--------+--------+--------+-----+--------+

Top non-repeatable levels by time:
     D:1: 548 daAuts
     D:3: 518 daAuts
     D:2: 416 daAuts
     D:4: 314 daAuts
  Temple: 105 daAuts
